 Dungeon Crawl Stone Soup version 0.27-a0-998-g4cfe56dd59 (webtiles) character file.

Game seed: 1763577985011766972

222 spiderkeys the Ruffian (level 5, 0/33 HPs)
             Began as a Gargoyle Monk on Apr 17, 2021.
             Slain by an orc
             ... wielding a +0 flail
              (3 damage)
             ... on level 2 of the Dungeon.
             The game lasted 00:04:15 (2502 turns).

spiderkeys the Ruffian (Gargoyle Monk)              Turns: 2502, Time: 00:04:16

Health: 0/33       AC:  9    Str: 15    XL:     5   Next: 99%
Magic:  5/5        EV: 12    Int: 14    God:
Gold:   68         SH:  0    Dex: 12    Spells: 3/4 levels left

rFire    + . .     SeeInvis .     - Unarmed
rCold    + . .     Faith    .   (no shield)
rNeg     + . .     Spirit   .   a - +0 robe
rPois    ∞         Reflect  .   d - +2 helmet {Int+3}
rElec    +         Harm     .   (no cloak)
rCorr    +         Rampage  .   (no gloves)
Will     .....                  (no boots)
Stlth    ++........             (no amulet)
HPRegen  0.11/turn              (no ring)
MPRegen  0.09/turn              (no ring)

@: resistant
A: AC +4, negative energy resistance 1, electricity resistance, torment
resistance 1, unbreathing 1, petrification resistance
a: no special abilities


You were on level 2 of the Dungeon.
You visited 1 branch of the dungeon, and saw 2 of its levels.

You collected 68 gold pieces.


Innate Abilities, Weirdness & Mutations

Your stone body is resilient. (AC +4)
You are immune to poison.
You resist negative energy. (rN+)
You are resistant to electric shocks. (rElec)
You are resistant to unholy torment.
You can survive without breathing.
You are immune to petrification.


   Skills:
 + Level 4.2 Fighting
 + Level 2.1 Armour
 + Level 3.1 Dodging
 - Level 2.1 Stealth
 * Level 4.5 Unarmed Combat
 + Level 1.3 Transmutations


You had 3 spell levels left.
You knew the following spells:

 Your Spells              Type           Power      Damage    Failure   Level
b - Beastly Appendage     Tmut           6%         N/A       17%         1

Your spell library contained the following spells:

 Spells                   Type           Power      Damage    Failure   Level
 Wereblood                Tmut           3%         N/A       26%         2
 Spider Form              Tmut/Pois      0%         N/A       56%         3
 Ice Form                 Ice/Tmut       1%         N/A       92%         4
 Hydra Form               Tmut           1%         N/A       99%         5

Inventory:

Missiles
 c - 64 stones
 f - 36 arrows
 k - 21 bolts
Armour
 a - a +0 robe (worn)
 d - a +2 helmet of intelligence (worn)
   (You found it on level 1 of the Dungeon)
Scrolls
 e - 4 scrolls of teleportation {@r4}
 g - a scroll of identify {@r1}

Dungeon Overview and Level Annotations

Branches:
Dungeon (2/15)

Altars:

Shops:
D:1

: .....................#
#.........
...#>............##..###.##......
##.######...#######..............
..# ###...### #.#.##.##......
##.# #.......# #......##.#####
#.# #.#...#.# ###.#####.# ..#
#.#...#.#######.#####.# ###
#........#............#####
#######..####..#@####.#######....
......#..####..#o####.#######.###
.####.#............##.........#
.##........#...#.#.##.#########
.##.#.##.#....).......####
......##.................#
###.#########...##...###.## #.#
####........#....# ###.###
#.......##..#.##.#


You could see an orc.


Message History

b - a dark potion An orc comes into view.
It is wielding a +0 flail.
An orc is nearby!
The orc shouts!
The orc closely misses you.
You punch the orc!
You kill the orc!
No target in view!
No target in view!
No target in view!
g - a scroll of identify {@r1} You see here a +0 flail.
Key pressed, stopping explore.
You now have 68 gold pieces (gained 17).
Found a stone staircase leading up.
No target in view!
No target in view!
There is a stone staircase leading up here.
e - 4 scrolls of teleportation {@r4} (gained 3) Key pressed, stopping explore.
An endoplasm is nearby!
An endoplasm is nearby!
An endoplasm is nearby!
The endoplasm quivers.
You hit the endoplasm but do no damage. The endoplasm freezes you.
You are frozen. 😕 HP[-5]
You take 5 damage, and now have 28/33 hp.
You hit the endoplasm. The endoplasm closely misses you.
You hit the endoplasm. The endoplasm freezes you.
You are frozen. 😕 HP[-1]
You take 1 damage, and now have 27/33 hp.
You hit the endoplasm but do no damage.
The endoplasm hits you but does no damage. 😕 HP[+1]
You punch the endoplasm!
You kill the endoplasm!
No target in view!
No target in view!
An orc is nearby!
An orc is nearby!
An orc is nearby!
The orc shouts!
The orc shouts!
You hear a shout!
You closely miss the orc. The orc closely misses you. 😕 HP[+1]
You hit the orc. The orc closely misses you.
You barely miss the orc. You barely miss the orc.
The orc hits you with a +0 hand axe. 😕 HP[-3]
You take 3 damage, and now have 26/33 hp.
You closely miss the orc. The orc hits you but does no damage.
Unknown command.
You punch the orc!
You kill the orc!
The orc misses you.
You hit the orc but do no damage. The orc hits you but does no damage.
You closely miss the orc. The orc hits you with a +0 flail.
The orc hits you but does no damage. 😮 HP[-3]
You take 3 damage, and now have 23/33 hp.
You are too injured to fight recklessly!
You are too injured to fight recklessly!
You are too injured to fight recklessly!
You are too injured to fight recklessly!
You are too injured to fight recklessly!
You are too injured to fight recklessly!
You barely miss the orc. The orc hits you with a +0 flail.
The orc hits you with a +0 whip. 😮 HP[-6]
You take 6 damage, and now have 17/33 hp.
You closely miss the orc. The orc hits you with a +0 flail.
* * * LOW HITPOINT WARNING * * *
The orc hits you with a +0 whip.
* * * LOW HITPOINT WARNING * * *
😨 HP[-7]
You take 7 damage, and now have 10/33 hp.
MASSIVE DAMAGE!! (PAUSE)
You hit the orc. The orc hits you with a +0 whip.
* * * LOW HITPOINT WARNING * * *
😨 HP[-1]
You take 1 damage, and now have 9/33 hp.
You closely miss the orc. The orc misses you.
You punch the orc!
You kill the orc!
You closely miss the orc. The orc hits you with a +0 flail.
* * * LOW HITPOINT WARNING * * *
😱 HP[-5]
You take 5 damage, and now have 4/33 hp.
You closely miss the orc. The orc hits you with a +0 flail.
* * * LOW HITPOINT WARNING * * *
😱 HP[-1]
You take 1 damage, and now have 3/33 hp.
It was a potion of resistance.
You feel protected. The orc hits you with a +0 flail.
You die...

Skill      XL: |  1  2  3 |
---------------+----------+-----
Armour         | 1 2 |  2.1
Fighting       | 4 |  4.2
Dodging        | 3 |  3.1
Unarmed Combat | 4 |  4.5
Transmutations | 1 |  1.3
Stealth        | |  2.1

Action                   |  1- 3 |  4- 6 || total
-------------------------+-------+-------++-------
Melee: Unarmed           |   154 |    57 ||   211
       Kick              |     1 |       ||     1
       Punch             |       |     1 ||     1
Throw: Stone             |     2 |       ||     2
 Cast: Beastly Appendage |     2 |       ||     2
  Use: Scroll            |     6 |       ||     6
       Potion            |     2 |     1 ||     3
 Stab: Sleeping          |     4 |       ||     4
Armor: Robe              |    50 |    26 ||    76
Dodge: Dodged            |    91 |    25 ||   116

Levels and vault maps discovered:
D:1:      shiori_arrival_whats_in_store_for_you, layout_loops_ring,
          shapermc_ecumenical_altar_mp_ritualfount, serial_shops,
          nicolae_shop_trees, feat_on_display
D:2:      layout_loops_cross, hangedman_decor_lopped, st_stairs_14, uniq_sigmund

Notes
Turn   | Place    | Note
-------+----------+-------------------------------------------
     0 | D:1      | spiderkeys the Gargoyle Monk began the quest for the Orb.
     0 | D:1      | Reached XP level 1. HP: 14/14 MP: 1/1
     0 | D:1      | magus.rc [v1.9.10]
     1 | D:1      | Noticed a draconian
     3 | D:1      | Noticed a vine stalker
     4 | D:1      | Noticed a vine stalker
     4 | D:1      | Noticed a dwarf
     6 | D:1      | Noticed a spriggan
     8 | D:1      | Noticed a vine stalker
    11 | D:1      | Noticed a vampire
    11 | D:1      | Noticed a naga
    13 | D:1      | Noticed an ogre
    19 | D:1      | Noticed an octopode
    19 | D:1      | Noticed a vampire
    21 | D:1      | Noticed a spriggan
    21 | D:1      | Noticed an octopode
    24 | D:1      | Noticed a felid
    82 | D:1      | Reached XP level 2. HP: 11/19 MP: 2/2
   703 | D:1      | Reached skill level 1 in Armour
   706 | D:1      | Reached XP level 3. HP: 12/23 MP: 3/3
   908 | D:1      | You pick up a book of Changes and begin reading...
   908 | D:1      | You add the spells Beastly Appendage, Wereblood, Spider
                  | Form, Ice Form and Hydra Form to your library.
   911 | D:1      | Learned a level 1 spell: Beastly Appendage
  1188 | D:1      | Found a faded altar of an unknown god.
  1193 | D:1      | Found Vakuife's Book Shop.
  1743 | D:2      | Noticed Sigmund
  1765 | D:2      | HP: 1/24 [Sigmund/+0 scythe (8)]
  1778 | D:2      | Killed Sigmund
  1779 | D:2      | Reached skill level 4 in Fighting
  1779 | D:2      | Reached skill level 2 in Armour
  1779 | D:2      | Reached skill level 3 in Dodging
  1779 | D:2      | Reached skill level 4 in Unarmed Combat
  1779 | D:2      | Reached skill level 1 in Transmutations
  1779 | D:2      | Reached XP level 4. HP: 14/29 MP: 4/4
  1779 | D:2      | Reached XP level 5. HP: 16/33 MP: 5/5
  1838 | D:1      | HP: 7/33 [orc/+0 short sword (4)]
  2500 | D:2      | HP: 4/33 [orc/+0 flail (6)]
  2502 | D:2      | Slain by an orc

Vanquished Creatures
  Sigmund (D:2)
  An adder (D:2)
  A dart slug (D:1)
  4 orcs
  5 endoplasms
  2 giant cockroaches
  2 goblins
  5 hobgoblins
  10 jackals
  2 quokkas (D:1)
  4 ball pythons
  3 bats
  4 frilled lizards
  A rat (D:1)
45 creatures vanquished.

Table legend:
 A = Non-vault XP
 B = Vault XP
 C = Vault XP percentage of total XP
 D = Non-vault monster count
 E = Vault monster count
 F = Vault count percentage of total count
                 A         B        C        D         E       F
            +---------+---------+-------+---------+---------+-------
      Total |      94 |     224 |  70.4 |      43 |       2 |   4.4
            +---------+---------+-------+---------+---------+-------
        D:1 |      47 |       0 |   0.0 |      26 |       0 |   0.0
        D:2 |      47 |     224 |  82.7 |      17 |       2 |  10.5
            +---------+---------+-------+---------+---------+-------

Illustrated notes

Table legend:
 A = Kills in this place as a percentage of kills in entire the game.
 B = Kills by you in this place as a percentage of kills by you in the entire game.
 C = Kills by friends in this place as a percentage of kills by friends in the entire game.
 D = Other kills in this place as a percentage of other kills in the entire game.
 E = Experience gained in this place as a percentage of experience gained in the entire game.
 F = Experience gained in this place divided by the number of levels of this place that you have seen.
                   A       B       C       D       E      F
               +-------+-------+-------+-------+-------+----------------------
         Total | 100.0 | 100.0 |   N/A |   N/A | 100.0 | 159.0
       Dungeon | 100.0 | 100.0 |   N/A |   N/A | 100.0 | 159.0
               +-------+-------+-------+-------+-------+----------------------

Table legend: (Time is in decaauts)
 A = Elapsed time spent in this place.
 B = Non-inter-level travel time spent in this place.
 C = Inter-level travel time spent in this place.
 D = Time resting spent in this place.
 E = Time spent auto-exploring this place.
 F = Levels seen in this place.
 G = Mean time per level.
                   A        B        C        D        E       F      G
               +--------+--------+--------+--------+--------+-----+--------+
         Total |   2488 |   2451 |     37 |    342 |   1699 |   2 | 1244.0 |
       Dungeon |   2488 |   2451 |     37 |    342 |   1699 |   2 | 1244.0 |
               +--------+--------+--------+--------+--------+-----+--------+

Top non-repeatable levels by time:
     D:1: 1688 daAuts
     D:2: 800 daAuts
